 Dungeon Crawl Stone Soup version 0.31-a0-361-g0f8bd3a31e (webtiles) character file.

Game seed: 345160106841913960

68 BritishOli the Trooper (level 4, 35/35 HPs)
             Began as a Demonspawn Fighter on July 25, 2023.
             Got out of the dungeon alive.
             The game lasted 00:02:10 (1410 turns).

BritishOli the Trooper (Demonspawn Fighter)         Turns: 1410, Time: 00:02:10

Health: 35/35      AC:  6    Str: 18    XL:     4   Next: 1%
Magic:  4/4        EV:  9    Int:  9    God:
Gold:   106        SH:  4    Dex: 13    Spells: 3/3 levels left

rFire   . . .        a - +0 war axe
rCold   . . .        c - +0 buckler
rNeg    . . .        b - +0 scale mail
rPois   .            (no helmet)
rElec   .            (no cloak)
rCorr   .            (no gloves)
SInv    .            (no boots)
Will    .....        (no amulet) Stlth
                     (no ring)
HPRegen 0.25/turn    (no ring)
MPRegen 0.09/turn

%: no passive effects
@: no status effects
A: hooves 1, demonic guardian 1, foul stench 1
a: no special abilities


You escaped.
You visited 1 branch of the dungeon, and saw 2 of its levels.

You collected 106 gold pieces.

Inventory:

Hand Weapons
 a - a +0 war axe (weapon)
Armour
 b - a +0 scale mail (worn)
 c - a +0 buckler (worn)
Jewellery
 o - an amulet of reflection
Scrolls
 f - 5 scrolls of identify {unknown}
 g - a scroll of acquirement {unknown}
 h - a scroll of immolation {unknown}
 i - a scroll of poison {unknown}
 j - a scroll of blinking {unknown}
 k - a scroll of noise {unknown}
 l - a scroll of brand weapon {unknown}
Potions
 d - a potion of might
 e - 2 potions of cancellation {unknown}
 m - a potion of degeneration {unknown}
 n - a potion of curing {unknown}


   Skills:
 + Level 3.5 Fighting
 + Level 2.5 Axes
 + Level 3.2 Armour
 + Level 3.2 Shields


You had 3 spell levels left.
You didn't know any spells.
Your spell library was empty.

Dungeon Overview and Level Annotations

Branches:
Dungeon (2/15)

Altars:


Innate Abilities, Weirdness & Mutations

You have large cloven feet.
A weak demonic guardian rushes to your aid.
You may rarely emit foul miasma when damaged in melee.


Message History

A frilled lizard is nearby!
A frilled lizard is nearby!
The frilled lizard bites you but does no damage.
A frilled lizard is nearby!
You slash the frilled lizard!
You kill the frilled lizard!
Found a stone staircase leading down.
o - an amulet of reflection No target in view!
A jackal comes into view.
Found a scroll labelled PIH YXKOILOHAW.
The jackal barks!
A jackal is nearby!
A jackal is nearby!
A jackal is nearby!
You slash the jackal!
You kill the jackal!
You have reached level 4!
You feel agile.
Your demonic ancestry asserts itself...
You feel the presence of a demonic guardian.
Okay, then.
You aren't wearing any rings or amulets.
Unknown command.
Welcome back, BritishOli the Demonspawn Fighter.
Press ? for a list of commands and other information.
(D) Dungeon
Where to? (? - help)
You see here a +0 dagger.
There is an open door here.
Things that are here:
a +1 vampiric dagger; a goblin skeleton
Found an escape hatch in the floor.
There is a stone staircase leading up here.
You climb upwards.
There is a stone staircase leading down here.
There is a stone staircase leading down here.
There is a stone staircase leading down here.
There is a staircase leading out of the dungeon here.
Are you sure you want to leave the Dungeon?
This will make you lose the game!
You have escaped!

#####.#.........######.#.######..
#.#.#.####### #.#....#....
#.#.#.# #.####.#..## #.....#
#########.#.##...###
#####.######.........#.###### #
#........##.#.#.#.##.#.# ######
#.#......#.#.#.#.###.#.###.....
#........##.#.#.#..............
#..#.#...#.#.#@#.###.##.##.....
##.....#.##.#.#.#.......#######
#.#.#...#.#.#.#.#...##.#### #
#.......##.#.#.#.##.......# #
#####.###.#.#.#.#...##.##.# #
#.########.#.##.##.##.# #
#.......##.........##.## #
###.###.###..##.#####..#
##########.# #...##.##.##.....#


There were no monsters in sight!

Vanquished Creatures
  A gnoll (D:1)
  A worm (D:2)
  3 dart slugs
  4 ball pythons (D:1)
  2 endoplasms (D:1)
  2 giant cockroaches (D:1)
  3 goblins
  6 hobgoblins
  9 jackals
  4 kobolds
  4 bats (D:1)
  3 frilled lizards
  3 rats
45 creatures vanquished.

Notes
Turn   | Place    | Note
-------+----------+-------------------------------------------
     0 | D:1      | BritishOli the Demonspawn Fighter began the quest for the
                  | Orb.
     0 | D:1      | Reached XP level 1. HP: 18/18 MP: 1/1
   108 | D:1      | Gained mutation: You have large cloven feet. [demonic
                  | ancestry]
   108 | D:1      | Reached XP level 2. HP: 23/24 MP: 2/2
   433 | D:1      | Gained mutation: You may rarely emit foul miasma when
                  | damaged in melee. [demonic ancestry]
   433 | D:1      | Reached XP level 3. HP: 23/29 MP: 3/3
  1251 | D:2      | Gained mutation: A weak demonic guardian rushes to your
                  | aid. [demonic ancestry]
  1251 | D:2      | Reached XP level 4. HP: 35/35 MP: 4/4
  1251 | D:2      | Upgraded the game from 0.31-a0-358-gac0dbeb3ab to
                  | 0.31-a0-361-g0f8bd3a31e
  1410 | D:$      | Got out of the dungeon alive.

Illustrated notes

Levels and vault maps discovered:
D:1:      lightli_arrival_chessboard, layout_loops_cross,
          serial_co_window_serial, co_window_corner_a, co_window_corner_a,
          co_window_paths_a, co_window_of_opportunity_a, co_window_paths_a,
          co_window_broadway_a, co_window_corner_b, co_window_corner_cb,
          co_window_of_opportunity_b, co_window_broadway_a, glass_columns_c,
          glass_columns_a, glass_columns_a, glass_columns_c,
          serial_bayou_lagoon_a
D:2:      layout_basic, shapermc_ecumenical_altar_rom_forum,
          mrwooster_statue_mirror

Skill      XL: |  1  2 |
---------------+-------+-----
Axes           | 2 |  2.5
Armour         | 3 |  3.2
Shields        | 3 |  3.2
Fighting       | |  3.5

Action                     |  1- 3 |  4- 6 || total
---------------------------+-------+-------++-------
  Melee: War axe           |    96 |       ||    96
         Kick              |     9 |       ||     9
 Armour: Scale mail        |    38 |       ||    38
  Dodge: Dodged            |    53 |       ||    53
  Block: Buckler           |    31 |       ||    31

Table legend: (Time is in decaauts)
 A = Elapsed time spent in this place.
 B = Non-inter-level travel time spent in this place.
 C = Inter-level travel time spent in this place.
 D = Time resting spent in this place.
 E = Time spent auto-exploring this place.
 F = Levels seen in this place.
 G = Mean time per level.
                   A        B        C        D        E       F      G
               +--------+--------+--------+--------+--------+-----+--------+
         Total |   1455 |   1261 |    194 |      0 |    992 |   2 |  727.5 |
       Dungeon |   1455 |   1261 |    194 |      0 |    992 |   2 |  727.5 |
               +--------+--------+--------+--------+--------+-----+--------+

Top non-repeatable levels by time:
     D:1: 1093 daAuts
     D:2: 362 daAuts
